 Dungeon Crawl Stone Soup version 0.30-a0-782-ge64f9170bb (webtiles) character file.

Game seed: 5044199166819156164

155 112233 the Grave Robber (level 5, -17/52 HPs)
             Began as a Demonspawn Necromancer on Mar 1, 2023.
             Demolished by an ogre
             ... wielding a +0 giant club
              (19 damage)
             ... on level 4 of the Dungeon.
             The game lasted 00:02:54 (2816 turns).

112233 the Grave Robber (Demonspawn Necromancer)    Turns: 2816, Time: 00:02:54

Health: -17/52     AC: 22    Str:  8    XL:     5   Next: 14%
Magic:  1/10       EV:  2    Int: 19    God:
Gold:   107        SH:  0    Dex: 13    Spells: 7/11 levels left

rFire   . . .      SeeInvis .    b - +0 quarterstaff
rCold   . . .      Faith    .    (shield currently unavailable)
rNeg    . . .      Spirit   .    (body armour currently unavailable)
rPois   +          Reflect  .    (helmet currently unavailable)
rElec   .          Harm     .    (cloak currently unavailable)
rCorr   .          Rampage  .    (gloves unavailable)
Will    .....      NoTele   +    (boots currently unavailable)
Stlth   ++                       (no amulet)
HPRegen 0.28/turn                (no ring)
MPRegen 0.12/turn                (no ring)

@: brilliant, tree-form
A: stationary, stasis, torment immunity, boosted hp, foul stench 1, (demonic
touch 3)
a: no special abilities


You were on level 4 of the Dungeon.
You were a tree.
You visited 1 branch of the dungeon, and saw 4 of its levels.

You collected 107 gold pieces.

Inventory:

Hand Weapons
 b - a +0 quarterstaff (weapon)
Armour
 a - a +0 robe (melded)
 i - a +0 pair of boots (melded)
Jewellery
 m - a ring of fire
Scrolls
 d - a scroll of amnesia
 k - a scroll of identify


   Skills:
 + Level 2.8 Dodging
 - Level 2.0 Stealth
 * Level 3.6 Spellcasting
 + Level 5.2 Necromancy


You had 7 spell levels left.
You knew the following spells:

 Your Spells              Type           Power      Damage    Failure   Level
a - Necrotise             Necr           100%       1d9       1%          1
b - Vampiric Draining     Necr           34%        2d8       4%          3

Your spell library contained the following spells:

 Spells                   Type           Power      Damage    Failure   Level
 Sting                    Tmut/Pois      20%        1d4       14%         1
 Animate Dead             Necr           34%        N/A       17%         4
 Poisonous Vapours        Pois/Air       10%        N/A       22%         2
 Inner Flame              Hex/Fire       5%         N/A       38%         3
 Agony                    Necr           34%        N/A       43%         5
 Cause Fear               Hex            2%         N/A       80%         4
 Olgreb's Toxic Radiance  Pois           5%         N/A       80%         4
 Discord                  Hex            2%         N/A       100%        8


Dungeon Overview and Level Annotations

Branches:
Dungeon (4/15)
 Temple: D:4-7

Altars:
Hepliaklqana

Annotations:
D:2 exclusion: downstairs


Innate Abilities, Weirdness & Mutations

You are a tree.
Your roots penetrate the ground, keeping you stationary.
You cannot be teleported.
You are immune to unholy pain and torment.
Your maximum health is greatly increased.
Your equipment is partially melded.
You may rarely emit foul miasma when damaged in melee.
((Your touch may irresistibly damage your foes and sap their willpower.))


Message History

It was a potion of brilliance.
You feel clever all of a sudden. The ogre hits you with a +0 giant club!
* * * LOW HITPOINT WARNING * * *
The goblin hits you but does no damage.
Unknown command.
Okay, then.
As you read the scroll labelled BUCREVI JENNAGH, it crumbles to dust.
You feel strangely unstable.
It was a scroll of teleportation.
The ogre closely misses you. The goblin hits you but does no damage.
Unknown command.
Okay, then.
It was a potion of lignification.
You turn into a tree.
Your +0 pair of boots melds into your body.
Your +0 robe melds into your body.
Your roots penetrate the ground.
You feel strangely stable. The goblin hits you with a +0 dagger.
* * * LOW HITPOINT WARNING * * *
Unknown command.
You aren't carrying any potions.
Unknown command.
As you read the scroll labelled DYFRER ASIDI, it crumbles to dust.
The scroll dissolves into smoke.
It was a scroll of fog.
The ogre hits you but does no damage. The goblin hits you but does no damage.
Unknown command.
As you read the scroll labelled MIKLOM XOITZI, it crumbles to dust.
You hear a loud clanging noise!
It was a scroll of noise.
The ogre barely misses you. The goblin hits you but does no damage.
Unknown command.
As you read the scroll labelled WAYR YTENGUGUO, it crumbles to dust.
It is a scroll of amnesia.
Really abort (and waste the scroll)?
Okay, then.
The goblin hits you but does no damage.
Unknown command.
As you read the scroll labelled NAUZIT UN PILUOQI, it crumbles to dust.
It is a scroll of identify.
You don't currently have any unidentified items.
The ogre hits you with a +0 giant club!!
You die...

#.# #.#
...
##.##
##...##
#§§§§§#
#§g§#
#♣# #O#
#§# #+#


You could see an ogre and a goblin.

Vanquished Creatures
  A black bear (D:3)
  A gnoll (D:4)
  A worm (D:3)
  5 orcs
  7 ball pythons
  5 bats
  2 endoplasms
  2 giant cockroaches (D:2)
  3 goblins
  6 hobgoblins
  2 quokkas (D:1)
  A frilled lizard (D:2)
  4 kobolds
  3 rats
43 creatures vanquished.

Vanquished Creatures (collateral kills)
  A dart slug (D:2)
  An orc (D:3)
2 creatures vanquished.

Grand Total: 45 creatures vanquished

Notes
Turn   | Place    | Note
-------+----------+-------------------------------------------
     0 | D:1      | 112233 the Demonspawn Necromancer began the quest for the
                  | Orb.
     0 | D:1      | Reached XP level 1. HP: 13/13 MP: 3/3
   546 | D:1      | Gained mutation: Your touch may inflict minor irresistible
                  | damage on your foes. [demonic ancestry]
   546 | D:1      | Reached XP level 2. HP: 19/19 MP: 3/5
  1013 | D:1      | Found a faded altar of an unknown god.
  1620 | D:2      | Gained mutation: Your touch may inflict irresistible damage
                  | on your foes. [demonic ancestry]
  1620 | D:2      | Reached XP level 3. HP: 24/24 MP: 3/6
  2139 | D:3      | Noticed a black bear
  2276 | D:2      | Learned a level 3 spell: Vampiric Draining
  2501 | D:3      | Killed a black bear
  2502 | D:3      | Reached skill level 5 in Necromancy
  2502 | D:3      | Gained mutation: Your touch may irresistibly damage your
                  | foes and sap their willpower. [demonic ancestry]
  2502 | D:3      | Reached XP level 4. HP: 27/30 MP: 0/9
  2502 | D:3      | Gained mutation: You may rarely emit foul miasma when
                  | damaged in melee. [demonic ancestry]
  2502 | D:3      | Reached XP level 5. HP: 31/35 MP: 0/10
  2784 | D:3      | Found a hazy altar of Hepliaklqana.
  2806 | D:4      | Noticed an ogre
  2810 | D:4      | HP: 1/35 [ogre/+0 giant club (10)]
  2816 | D:4      | Demolished by an ogre

Illustrated notes

Levels and vault maps discovered:
D:1:      ncdulo_halloftheorcs, layout_loops_corners,
          dilly_ecumenical_altar_fadedgnrine
D:2:      layout_loops_cross, amethyst_killhole
D:3:      layout_rooms, lemuel_tele_altar, nicolae_overflow_hidden_temple,
          minmay_close_crescents
D:4:      layout_loops_corners, vehumet_altar_wand_db, serial_shops, shop

Skill      XL: |  1  2  3 |
---------------+----------+-----
Stealth        | 2 |  2.0
Dodging        | 2 |  2.8
Spellcasting   | 3 |  3.6
Necromancy     | 5 |  5.2

Action                     |  1- 3 |  4- 6 || total
---------------------------+-------+-------++-------
  Melee: Unarmed           |    18 |       ||    18
         Touch             |     1 |       ||     1
   Cast: Necrotise         |    85 |    10 ||    95
         Vampiric Draining |     2 |     2 ||     4
    Use: Potion            |     4 |     2 ||     6
         Scroll            |       |     5 ||     5
 Armour: Robe              |    17 |     3 ||    20
         Skin              |       |     4 ||     4
  Dodge: Dodged            |    49 |     3 ||    52

Table legend: (Time is in decaauts)
 A = Elapsed time spent in this place.
 B = Non-inter-level travel time spent in this place.
 C = Inter-level travel time spent in this place.
 D = Time resting spent in this place.
 E = Time spent auto-exploring this place.
 F = Levels seen in this place.
 G = Mean time per level.
                   A        B        C        D        E       F      G
               +--------+--------+--------+--------+--------+-----+--------+
         Total |   2815 |   2681 |    134 |    306 |   2046 |   4 |  703.8 |
       Dungeon |   2815 |   2681 |    134 |    306 |   2046 |   4 |  703.8 |
               +--------+--------+--------+--------+--------+-----+--------+

Top non-repeatable levels by time:
     D:1: 1287 daAuts
     D:2: 1141 daAuts
     D:3: 376 daAuts
     D:4: 9 daAuts
